 Dungeon Crawl Stone Soup version 0.17.1-1-g73c8601 (webtiles) character file.

8726 hannobal the Thaumaturge (level 11, -2/70 HPs)
             Began as a Mummy Wizard on Dec 22, 2015.
             Was an Elder of Vehumet.
             Slain by a five-headed hydra (16 damage)
             ... on level 11 of the Dungeon on Dec 31, 2015.
             The game lasted 01:08:25 (17701 turns).

hannobal the Thaumaturge (Mummy Wizard)            Turns: 17701, Time: 01:08:25

Health: -2/70      AC: 10    Str: 10    XL:     11   Next: 13%
Magic:  40/40      EV: 16    Int: 21    God:    Vehumet [****..]
Gold:   251        SH:  0    Dex: 11    Spells: 10 memorised, 3 levels left

rFire  x . .     SeeInvis +     a - staff of power
rCold  + . .     Clarity  .     K - +2 robe {MR+}
rNeg   + + +     SustAt   .     (no shield)
rPois  ∞         Gourm    .     I - +1 helmet
rElec  .         Spirit   .     (no cloak)
rCorr  .         Warding  .     j - +2 pair of gloves
rMut   .         Stasis   .     h - +0 pair of boots
MR     ++...                    (no amulet)
Stlth  ++........               B - ring of see invisible
                                J - +3 ring of evasion

@: repel missiles, very resistant to hostile enchantments, unstealthy
A: no food or potions, fire vulnerability, cold resistance 1, negative energy
resistance 3, torment resistance, unbreathing
a: Renounce Religion


You were on level 11 of the Dungeon.
You worshipped Vehumet.
Vehumet was greatly pleased with you.
You were not hungry.

You visited 3 branches of the dungeon, and saw 13 of its levels.
You also visited: Ossuary.

You collected 851 gold pieces.
You spent 600 gold pieces at shops.

Inventory:

Hand Weapons
 b - the +5 spear of Sin {flame, rElec Dex+3}
   (You found it on level 5 of the Dungeon)

   It has been specially enchanted to burn those struck by it, causing extra
   injury to most foes and up to half again as much damage against particularly
   susceptible opponents.
   It affects your dexterity (+3).
   It insulates you from electricity.
 m - a +2 hunting sling of velocity
 w - the +8 dagger of the Slime-mould {pain, rPois}
   (You bought it in a shop on level 4 of the Dungeon)

   In the hands of one skilled in necromantic magic, it inflicts extra damage on
   living creatures.
   It protects you from poison.
 x - the cursed +1 hand axe "Giant's Death Toll" {chop, MR+ Dex+3}
   (You bought it in a shop on level 4 of the Dungeon)

   It inflicts extra damage upon your enemies.
   It affects your dexterity (+3).
   It affects your resistance to hostile enchantments.
   It has a curse placed upon it.
 G - a +1 trident of flaming
 H - a +0 glaive
Missiles
 f - 8 tomahawks (quivered)
 u - 200 stones
 C - a throwing net
 M - 2 curare-tipped needles
Armour
 h - a +0 pair of boots (worn)
 j - a +2 pair of gloves (worn)
 p - a +0 shield
 I - a +1 helmet (worn)
 K - a +2 robe of magic resistance (worn)
 N - a +4 chain mail
Magical Staves
 a - an uncursed staff of power (weapon)
Jewellery
 n - an uncursed amulet of guardian spirit
 o - a +3 ring of strength
 q - a cursed ring of teleportation
 z - an uncursed ring of flight
 B - a ring of see invisible (right hand)
 J - a +3 ring of evasion (left hand)
Wands
 d - a wand of disintegration (11)
 k - a wand of slowing (24)
 v - a wand of frost (27)
 A - a wand of digging (19)
 F - a wand of draining (5)
 L - a wand of digging (7)
Scrolls
 e - 3 scrolls of teleportation
 i - 4 scrolls of identify
 l - 3 scrolls of fear
 r - 5 scrolls of remove curse
 s - a scroll of blinking
 t - 5 scrolls of magic mapping
 y - a scroll of fog
 E - a scroll of amnesia
Books
 c - a book of Minor Magic

   Spells                             Type                      Level
   a - Magic Dart                     Conjuration                  1
   b - Blink                          Translocation                2
   c - Call Imp                       Summoning                    2
   d - Repel Missiles                 Charms/Air                   2
   e - Slow                           Hexes                        2
   f - Conjure Flame                  Conjuration/Fire             3
   g - Mephitic Cloud                 Conjuration/Poison/Air       3
 g - a book of Power

   Spells                             Type                      Level
   a - Fulminant Prism                Conjuration/Hexes            4
   b - Iskenderun's Mystic Blast      Conjuration                  4
   c - Venom Bolt                     Conjuration/Poison           5
   d - Bolt of Magma                  Conjuration/Fire/Earth       5
   e - Iron Shot                      Conjuration/Earth            6
   f - Orb of Destruction             Conjuration                  7
   g - Spellforged Servitor           Conjuration/Summoning        7
 D - a book of Envenomations

   Spells                             Type                      Level
   a - Spider Form                    Transmutation/Poison         3
   b - Alistair's Intoxication        Transmutation/Poison         4
   c - Olgreb's Toxic Radiance        Poison                       4
   d - Poisonous Cloud                Conjuration/Poison/Air       6


   Skills:
 - Level 1.2 Fighting
 - Level 1.1 Short Blades
 - Level 1.2 Polearms
 - Level 3.5 Dodging
 - Level 2.4 Stealth
 + Level 10.4 Spellcasting
 - Level 8.1 Conjurations
 - Level 2.0 Charms
   Level 0.7 Summonings
 - Level 2.4 Translocations
 - Level 2.1 Fire Magic
 - Level 2.4 Ice Magic
 - Level 2.0 Air Magic
 - Level 2.0 Earth Magic
 - Level 2.3 Poison Magic


You had 3 spell levels left.
You knew the following spells:

 Your Spells              Type           Power        Failure   Level  Hunger
a - Sandblast             Erth           ###...       1%          1    N/A
b - Blink                 Tloc           N/A          3%          2    N/A
c - Conjure Flame         Conj/Fire      ####....     1%          3    N/A
d - Magic Dart            Conj           ####         1%          1    N/A
f - Sticky Flame          Conj/Fire      ####....     2%          4    N/A
m - Bolt of Magma         Conj/Fire/Erth ####......   10%         5    N/A
p - Mephitic Cloud        Conj/Pois/Air  ####....     1%          3    N/A
r - Repel Missiles        Chrm/Air       ###...       4%          2    N/A
t - Throw Frost           Conj/Ice       ####..       1%          2    N/A
z - Iskenderun's Mystic   Conj           #####...     1%          4    N/A

Dungeon Overview and Level Annotations

Branches:
Dungeon (11/15)            Temple (1/1) D:5            Lair (1/8) D:8
    Orc (0/4) D:10

Altars:
Ashenzari
Cheibriados
Dithmenos
Elyvilon
Fedhas
Gozag
Kikubaaqudgha
Makhleb
Nemelex Xobeh
Okawaru
Qazlal
Ru
Sif Muna
Trog
Vehumet
Xom
Yredelemnul
Zin
The Shining One

Shops:
D:4 (   D:7 %?[*

Annotations:
D:9 Gastronok!, Gastronok


Innate Abilities, Weirdness & Mutations

You do not eat or drink.
Your flesh is vulnerable to fire.
You are immune to poison.
Your flesh is cold resistant.
You are immune to negative energy.
You are immune to unholy pain and torment.
You can survive without breathing.


Message History

The orb of energy hits the five-headed hydra.
The five-headed hydra is moderately wounded.
You climb upwards.
There is a stone staircase leading down here.
You start resting.
HP restored.
You start resting.
Magic restored.
You climb downwards.
The five-headed hydra bites you!
The five-headed hydra closely misses you.
The five-headed hydra bites you!
The five-headed hydra barely misses you.
The five-headed hydra bites you. The eye of devastation gazes at you.
The bolt of energy misses you. The five-headed hydra bites you.
The five-headed hydra bites you but does no damage.
The five-headed hydra bites you! x2
* * * LOW HITPOINT WARNING * * *
The five-headed hydra bites you!
You die...

#.......§..
#..........
#<.D.......
#..........
#..........
###..####.
#+#### +##
##..##....#
#.........#
#?....@..#
#....%D...#
#.........#
#.........#
#G........#
#>........#
##...##..##
#... ..#


You could see a five-headed hydra and an eye of devastation.

Vanquished Creatures
  A two-headed ogre (D:10)
  2 trolls (D:9)
  Prince Ribbit (D:8)
  Sigmund (D:5)
  2 hogs (D:9)
  5 yaks (D:10)
  2 deep elf magi
  2 humans
  A steam dragon (D:10)
  A hippogriff (Lair:1)
  2 wargs (D:7)
  3 water moccasins
  5 orc warriors
  A sky beast (D:5)
  A black bear (D:10)
  An eye of draining (D:11)
  2 necrophages
  4 ice beasts
  9 ogres
  4 centaurs
  4 giant frogs
  3 scorpions
  7 wights
  14 killer bees
  2 hounds
  2 crimson imps
  A centaur skeleton (D:9)
  4 jellies
  5 orc priests
  16 orc wizards
  3 giant frog skeletons
  Jessica (D:2)
  3 iguanas (D:8)
  Natasha (thrice) (D:4)
  5 worker ants
  2 sheep (D:9)
  2 hound zombies
  8 mummies (Ossuary)
  2 worker ant zombies (D:5)
  2 river rats
  12 gnolls
  9 adders
  5 shadow imps
  An ooze (D:4)
  An adder skeleton (D:7)
  An adder zombie (D:7)
  2 worms
  43 orcs
  3 ball pythons
  6 giant cockroaches
  12 goblins
  9 hobgoblins
  7 jackals
  2 quokkas
  7 bats
  5 giant geckos
  5 giant newts
  A gnoll zombie (Ossuary)
  2 hobgoblin zombies (Ossuary)
  A jackal skeleton (D:4)
  7 kobolds
  A kobold skeleton (D:4)
  3 kobold zombies (Ossuary)
  2 orc zombies (Ossuary)
  A quokka zombie (D:9)
  9 rats
296 creatures vanquished.

Vanquished Creatures (collateral kills)
  A killer bee (D:7)
1 creature vanquished.

Grand Total: 297 creatures vanquished

Notes
Turn   | Place    | Note
--------------------------------------------------------------
     0 | D:1      | hannobal the Mummy Wizard began the quest for the Orb.
     0 | D:1      | Reached XP level 1. HP: 13/13 MP: 4/4
     8 | D:1      | Reached skill level 1 in Conjurations
   333 | D:1      | Reached XP level 2. HP: 19/19 MP: 0/6
   338 | D:1      | Learned a level 2 spell: Repel Missiles
   808 | D:1      | You fall through a shaft!
   953 | D:1      | Learned a level 2 spell: Blink
  1361 | D:2      | Reached skill level 1 in Air Magic
  1387 | D:2      | Reached skill level 1 in Translocations
  1387 | D:2      | Reached XP level 3. HP: 16/24 MP: 7/7
  1660 | D:2      | Noticed Jessica
  1664 | D:2      | Killed Jessica
  1664 | D:2      | Reached skill level 1 in Charms
  1669 | D:2      | Learned a level 3 spell: Mephitic Cloud
  1692 | D:2      | Reached XP level 4. HP: 28/30 MP: 8/8
  3151 | D:3      | Reached skill level 1 in Poison Magic
  3523 | D:4      | Found a sacrificial altar of Ru.
  3547 | D:4      | Noticed an ogre
  3563 | D:4      | Killed an ogre
  3563 | D:4      | Reached XP level 5. HP: 35/35 MP: 9/9
  3641 | D:4      | Found a sand-covered staircase.
  3649 | Ossuary  | Entered an ossuary
  4064 | Ossuary  | Reached skill level 4 in Conjurations
  4064 | Ossuary  | Reached XP level 6. HP: 41/41 MP: 10/10
  4071 | Ossuary  | Learned a level 3 spell: Conjure Flame
  4808 | D:4      | Noticed a human
  4809 | D:4      | Found a runed door.
  4814 | D:4      | Found a basalt altar of Yredelemnul.
  4834 | D:4      | Killed a human
  4834 | D:4      | Reached skill level 5 in Conjurations
  4834 | D:4      | Reached XP level 7. HP: 46/46 MP: 0/11
  4874 | D:4      | Noticed an ogre
  5205 | D:3      | Reached skill level 6 in Conjurations
  5311 | D:3      | Killed an ogre
  5311 | D:3      | Reached skill level 1 in Fire Magic
  5897 | D:4      | Found a glowing golden altar of the Shining One.
  5897 | D:4      | Found a blossoming altar of Fedhas.
  5945 | D:4      | Noticed Natasha
  5952 | D:4      | Killed Natasha
  5952 | D:4      | Reached skill level 1 in Fighting
  6042 | D:4      | Noticed Natasha
  6060 | D:4      | Killed Natasha
  6090 | D:4      | Found a stormy altar of Qazlal.
  6103 | D:4      | Noticed Natasha
  6106 | D:4      | Killed Natasha
  6204 | D:4      | Found Xoorump's Antique Weapon Boutique.
  6212 | D:4      | Bought a crystal hand axe for 176 gold pieces
  6212 | D:4      | Bought a shimmering dagger for 154 gold pieces
  6212 | D:4      | Identified the cursed +1 hand axe "Giant's Death Toll" {chop, MR+ Dex+3} (You bought it in a shop on level 4 of the Dungeon)
  6213 | D:4      | Identified the +8 dagger of the Slime-mould {pain, rPois} (You bought it in a shop on level 4 of the Dungeon)
  6334 | D:5      | Entered Level 5 of the Dungeon
  6373 | D:4      | Bought a glowing trident for 77 gold pieces
  6543 | D:5      | Found a staircase to the Ecumenical Temple.
  6552 | Temple   | Entered the Ecumenical Temple
  6645 | Temple   | Became a worshipper of Vehumet
  6708 | D:5      | Noticed Sigmund
  6895 | D:5      | Got a faintly glowing spear
  6908 | D:5      | Reached XP level 8. HP: 47/54 MP: 12/12
  6978 | D:5      | Identified the +5 spear of Sin {flame, rElec Dex+3} (You found it on level 5 of the Dungeon)
  6998 | D:5      | Reached skill level 1 in Polearms
  7499 | D:5      | Killed Sigmund
  8146 | D:6      | Reached * piety under Vehumet
  8146 | D:6      | Offered knowledge of Sandblast by Vehumet.
  8188 | D:6      | Reached skill level 5 in Spellcasting
  8322 | D:6      | Learned a level 1 spell: Sandblast
  8465 | D:6      | Found a snail-covered altar of Cheibriados.
  8512 | D:7      | Found Foguepenna's Magic Scroll Shoppe.
  8515 | D:7      | Bought a scroll of teleportation for 39 gold pieces
  8515 | D:7      | Bought a scroll of remove curse for 39 gold pieces
  8515 | D:7      | Bought a scroll of remove curse for 39 gold pieces
  9047 | D:7      | Reached skill level 1 in Earth Magic
  9163 | D:7      | Reached XP level 9. HP: 59/59 MP: 12/18
  9514 | D:7      | Found Ussufa Uxkag's Food Shop.
  9536 | D:7      | Found Yhanayve's Antique Armour Shop.
  9682 | D:6      | Reached skill level 7 in Spellcasting
  9986 | D:7      | Found an iron altar of Okawaru.
 10038 | D:7      | Found Woupeipn's Assorted Antiques.
 10046 | D:7      | Bought a scroll labeled HEF COTYOTAMU for 24 gold pieces
 10740 | D:7      | Reached skill level 8 in Spellcasting
 10769 | D:7      | Bought a scroll of identify for 26 gold pieces
 10769 | D:7      | Bought a scroll of identify for 26 gold pieces
 10824 | D:7      | Reached ** piety under Vehumet
 10839 | D:8      | Found a staircase to the Lair.
 11383 | D:8      | Offered knowledge of Throw Frost by Vehumet.
 11411 | D:8      | Learned a level 2 spell: Throw Frost
 11480 | D:8      | Reached skill level 1 in Ice Magic
 12135 | D:8      | Found a shimmering altar of Xom.
 12329 | D:8      | Noticed Prince Ribbit
 12434 | D:8      | Killed Prince Ribbit
 12434 | D:8      | Reached XP level 10. HP: 65/65 MP: 22/22
 13174 | D:8      | Offered knowledge of Throw Flame by Vehumet.
 13350 | Lair:1   | Entered Level 1 of the Lair of Beasts
 14434 | D:9      | Reached skill level 1 in Short Blades
 14436 | D:9      | Reached *** piety under Vehumet
 14863 | D:9      | Reached skill level 9 in Spellcasting
 14892 | D:9      | Noticed Gastronok
 15003 | D:9      | Offered knowledge of Sticky Flame by Vehumet.
 15009 | D:9      | Learned a level 4 spell: Sticky Flame
 15750 | D:10     | Entered Level 10 of the Dungeon
 15828 | D:10     | Learned a level 4 spell: Iskenderun's Mystic Blast
 15834 | D:10     | Learned a level 5 spell: Bolt of Magma
 16373 | D:10     | Reached **** piety under Vehumet
 16373 | D:10     | Reached skill level 10 in Spellcasting
 16415 | D:10     | Reached XP level 11. HP: 70/70 MP: 3/25
 16857 | D:10     | Found a sparkling altar of Nemelex Xobeh.
 17285 | D:10     | Found a staircase to the Orcish Mines.
 17337 | D:11     | Noticed a five-headed hydra
 17342 | D:10     | Offered knowledge of Iskenderun's Battlesphere by Vehumet.
 17701 | D:11     | Slain by a five-headed hydra

Action                   |  1- 3 |  4- 6 |  7- 9 | 10-12 || total
-------------------------+-------+-------+-------+-------++-------
Melee: Whip              |     3 |     3 |       |       ||     6
       Staff             |       |     2 |     2 |     1 ||     5
       Dagger            |       |       |    10 |    15 ||    25
       Spear             |       |       |       |    12 ||    12
Throw: Stone             |       |       |       |     1 ||     1
 Cast: Magic Dart        |    68 |   226 |   553 |   237 ||  1084
       Repel Missiles    |     1 |       |       |       ||     1
       Mephitic Cloud    |       |     6 |    39 |    34 ||    79
       Conjure Flame     |       |       |    17 |    13 ||    30
       Blink             |       |       |     4 |       ||     4
       Sandblast         |       |       |    21 |    12 ||    33
       Throw Frost       |       |       |    35 |    18 ||    53
       Iskenderun's Myst |       |       |       |    73 ||    73
       Sticky Flame      |       |       |       |    12 ||    12
  Use: Scroll            |     5 |     4 |    12 |     1 ||    22
 Stab: Confused          |       |       |       |     4 ||     4
